[Event "Early-Titled-Tuesday-Blitz-February-27-2024"]
[Site "Chess.com"]
[Date "2024.02.27"]
[Round "11"]
[White "NovakRatko"]
[Black "Zq1"]
[Result "0-1"]
[WhiteElo "2475"]
[BlackElo "2622"]
[TimeControl "180+1"]
[EndTime "10:05:42 PST"]
[Termination "Zq1 won on time"]

1. d4 Nf6 2. c4 a6 3. Nc3 c5 4. d5 b5 5. cxb5 axb5 6. Nxb5 Qa5+ 7. Nc3 Bb7 8. Bd2 Qb6 9. e4 e6 10. Bc4 Nxe4 11. Nf3 Nxd2 12. Qxd2 Be7 13. O-O O-O 14. a3 Ba6 15. Bxa6 Qxa6 16. Rfd1 Qb7 17. Rab1 Na6 18.
d6 Bd8 19. Ng5 Bxg5 20. Qxg5 h6 21. Qh5 f5 22. Rd3 c4 23. Rd4 Rac8 24. Qh3 Qb6 25. Qh4 Qc5 26. Na4 Qe5 27. Rxc4 f4 28. Rxc8 Rxc8 29.
Qe7 Qb5 30. Nc3 Rxc3 31. Qd8+ Kh7 32. a4 Qxb2 33. Rf1 Nc5 34. h3 Rc1 35. Rxc1 Qxc1+ 36. Kh2 f3 37. gxf3 Qf4+ 38. Kg2 Qxd6 39. Qa5 Qd4 40. Qb5 Nxa4 0-1

[Event "Early-Titled-Tuesday-Blitz-February-27-2024"]
[Site "Chess.com"]
[Date "2024.02.27"]
[Round "11"]
[White "nicolasbatista3"]
[Black "SaiAgni_98"]
[Result "1/2-1/2"]
[WhiteElo "2435"]
[BlackElo "2554"]
[TimeControl "180+1"]
[EndTime "10:05:43 PST"]
[Termination "Game drawn by repetition"]

1. d4 d5 2. c4 e6 3. Nc3 h6 4. cxd5 exd5 5. Bf4 Nf6 6. e3 Bd6 7. Nge2 O-O 8. g3 Bb4 9. h4 Ne4 10. Bg2 Bf5 11. a3 Bxc3+ 12. Nxc3 Nc6 13. Nxe4 Bxe4 14.
Bxe4 dxe4 15. g4 Qd5 16. g5 Kh7 17. Qh5 Qf5 18. Qe2 Nxd4 19. exd4 Qxf4 20. gxh6 Qxh6 21. Rg1 Rfe8 22. Rg5 Kg8 23. Qe3 Qc6 24. Rc1 Qh6 25.
Ke2 c6 26. Rcg1 Re6 27. Rxg7+ Qxg7 28. Rxg7+ Kxg7 29. Qg5+ Rg6 30. Qe5+ Kh7 31. Qxe4 Kg7 32. Qe5+ Rf6 33. Qg5+ Rg6 34. Qe5+ Rf6 35. Qg5+ Rg6 36.
Qe5+ 1/2-1/2

[Event "Early-Titled-Tuesday-Blitz-February-27-2024"]
[Site "Chess.com"]
[Date "2024.02.27"]
[Round "11"]
[White "bazar-wokzal"]
[Black "JJDAREK"]
[Result "1-0"]
[WhiteElo "2630"]
[BlackElo "2409"]
[TimeControl "180+1"]
[EndTime "10:05:43 PST"]
[Termination "bazar-wokzal won on time"]

1. e4 d6 2. f4 g6 3. Nc3 Bg7 4. Nf3 Nf6 5. e5 dxe5 6. fxe5 Nd5 7. d4 Nxc3 8. bxc3 O-O 9. Bc4 c5 10. O-O cxd4 11. cxd4 Nc6 12. Be3 Bf5 13. Ng5 e6 14.
g4 Na5 15. Be2 Bh6 16. Qd2 Rc8 17. gxf5 exf5 18. h4 Nc4 19. Bxc4 Rxc4 20. Nf3 Bxe3+ 21. Qxe3 Rxc2 22. Rac1 Qc7 23. Rxc2 Qxc2 24. Rf2 Qd1+ 25. Kg2 Rc8 26. e6 Rc2 27. e7 Rxf2+ 28. Kxf2 Qc2+ 29. Kg1 Qd1+ 30. Kh2 Qc2+ 31. Kh1 Qd1+ 32. Ng1 1-0

[Event "Early-Titled-Tuesday-Blitz-February-27-2024"]
[Site "Chess.com"]
[Date "2024.02.27"]
[Round "11"]
[White "Preobrazhenska_D2011"]
[Black "LeninGuerra"]
[Result "0-1"]
[WhiteElo "2445"]
[BlackElo "2580"]
[TimeControl "180+1"]
[EndTime "10:05:44 PST"]
[Termination "LeninGuerra won by resignation"]

1. e4 c5 2. Nf3 e6 3. d4 cxd4 4.
Nxd4 Nc6 5. Nc3 Qc7 6. g3 a6 7. Bg2 Nf6 8. O-O Be7 9. Re1 d6 10. a4 O-O 11. Nb3 b6 12. Kh1 Bb7 13. f4 Rac8 14. Be3 Rfd8 15. g4 d5 16. e5 Ne4 17. Nxe4 dxe4 18. Qe2 Nb4 19. c3 Nd3 20.
Red1 Qc4 21. Nd2 Qc6 22. Nxe4 Qc4 23. Nf6+ gxf6 24. Bxb7 Rc7 25. Bf3 fxe5 26. fxe5 Nxe5 27. Rxd8+ Bxd8 28. Bxb6 Nxf3 29. Qxf3 Rd7 30. Bxd8 Rxd8 31. Rf1 Rd7 32. g5 Qxa4 33. Rg1 Qh4 34. Qa8+ Kg7 35. Qf3 Rd2 36. Rg2 Qe1+ 37. Rg1 Qe5 38. Qf6+ Qxf6 39.
gxf6+ Kxf6 40. b4 Rc2 41. Ra1 Rxc3 42. Rxa6 Rb3 43. Rb6 Ke5 44. Rb7 f5 45. Rxh7 Rxb4 46.
Kg2 Rb2+ 47. Kf3 Rb3+ 48. Kf2 Ke4 49. Rh6 e5 50. h4 Rb2+ 51. Kg3 f4+ 52. Kg4 Rg2+ 53.
Kh3 Rg3+ 54. Kh2 Kf3 55. h5 e4 56. Re6 Rg5 57. h6 Rh5+ 58. Kg1 e3 59. Rf6 e2 60. Re6 Rxh6 61. Re5 Rg6+ 62. Kh2 Kf2 63. Kh3 e1=Q 64. Rxe1 Kxe1 0-1

[Event "Early-Titled-Tuesday-Blitz-February-27-2024"]
[Site "Chess.com"]
[Date "2024.02.27"]
[Round "11"]
[White "TioCridineno"]
[Black "Fjal"]
[Result "1-0"]
[WhiteElo "2401"]
[BlackElo "2257"]
[TimeControl "180+1"]
[EndTime "10:05:44 PST"]
[Termination "TioCridineno won on time"]

1. e4 d6 2. d4 Nf6 3. Nc3 g6 4. f4 Bg7 5. Nf3 O-O 6. a3 Bg4 7. h3 Bxf3 8. Qxf3 e5 9. dxe5 dxe5 10. f5 Nc6 11. Bc4 Nd4 12. Qf2 b5 13. Ba2 a5 14.
Bg5 b4 15. Nd5 gxf5 16. Nxf6+ Bxf6 17. Bxf6 Qxf6 18. exf5 bxa3 19. bxa3 Qxf5 20. O-O Qxf2+ 21. Rxf2 Kg7 22. Rb1 f6 23. Rb7 Rfc8 24. c3 Nc6 25. Bd5 Nd8 26. Rbb2 Rab8 27. c4 Nf7 28. Be6 Rd8 29.
Bd5 Nd6 30. Kh2 h6 31. h4 Kg6 32. Kh3 f5 33. g3 Kf6 34. c5 Ne8 35. Be4 Ng7 36.
Bc6 h5 37. Kg2 Ke6 38. a4 Ne8 39. Rb5 Nf6 40. Rxa5 Ng4 41. Re2 Rb3 42. Bf3 Rdd3 43. Ra6+ Kf7 44. Bxg4 Rxg3+ 45. Kf2 hxg4 46. Rxe5 Rbf3+ 47.
Ke2 Rg2+ 48. Ke1 Rc3 49. Rxf5+ Ke7 50. Kf1 Rc1+ 51. Kxg2 1-0

[Event "Early-Titled-Tuesday-Blitz-February-27-2024"]
[Site "Chess.com"]
[Date "2024.02.27"]
[Round "11"]
[White "Ramla2020"]
[Black "dennisodessa"]
[Result "0-1"]
[WhiteElo "2400"]
[BlackElo "2597"]
[TimeControl "180+1"]
[EndTime "10:05:46 PST"]
[Termination "dennisodessa won by checkmate"]

1. c4 e5 2. g3 Nc6 3. Bg2 Bc5 4. e3 a6 5. Ne2 d6 6. Nbc3 Ba7 7. d4 Nf6 8. h3 O-O 9. O-O Bf5 10. dxe5 dxe5 11.
Nd5 e4 12. g4 Bg6 13. Nef4 Re8 14. b3 Ne5 15. Bb2 Nxd5 16. cxd5 Nd3 17. Nxd3 exd3 18.
e4 Bxe4 19. Bxe4 Rxe4 20. Qxd3 Qe7 21. Rac1 Re8 22. Qc3 Qg5 23. Qxc7 h5 24. Qxb7 hxg4 25. h4 Qxh4 26. Qxa7 g3 27. Kg2 Qh2+ 28. Kf3 Qh5+ 29. Kg2 gxf2 30. Rc3 Rg4+ 31. Rg3 Qxd5+ 32. Kh2 Qd6 33.
Qxf2 Re2 34. Qxe2 Qxg3+ 35. Kh1 Rh4+ 36. Qh2 Rxh2# 0-1

[Event "Early-Titled-Tuesday-Blitz-February-27-2024"]
[Site "Chess.com"]
[Date "2024.02.27"]
[Round "11"]
[White "TitarovVasiliYouTube"]
[Black "Better_Chess_Faster"]
[Result "1-0"]
[WhiteElo "2487"]
[BlackElo "2178"]
[TimeControl "180+1"]
[EndTime "10:05:47 PST"]
[Termination "TitarovVasiliYouTube won by checkmate"]

1. e4 Nf6 2. d3 e5 3. Nf3 Nc6 4. Nc3 d5 5. exd5 Nxd5 6. Be2 Be7 7. O-O O-O 8. Re1 Re8 9. Bf1 Bf8 10. Bd2 h6 11. Nxd5 Qxd5 12. c4 Qd6 13. Bc3 Bg4 14. h3 Bxf3 15. Qxf3 Rad8 16. Rad1 b6 17. a3 a5 18. g3 Nd4 19. Bxd4 Qxd4 20. Qe2 Bc5 21. Bg2 Kh8 22. Rf1 f5 23. Bc6 Rf8 24. Qd2 f4 25. g4 f3 26. b4 Rf4 27. bxc5 Rxg4+ 28. Kh1 Rh4 29. Bxf3 Rxh3+ 30. Kg2 Rxf3 31. Kxf3 Rf8+ 32. Kg3 Rf4 33. f3 Qd8 34. Qg2 h5 35. Rh1 h4+ 36. Kf2 Qd4+ 37. Ke2 Qb2+ 38. Rd2 Qxa3 39. Qg5 Qxc5 40.
Rxh4+ Rxh4 41. Qxh4+ Kg8 42. Qd8+ Kf7 43. Qd7+ Kg8 44.
Rd1 Qb4 45. Qe8+ Kh7 46. Rh1# 1-0

[Event "Early-Titled-Tuesday-Blitz-February-27-2024"]
[Site "Chess.com"]
[Date "2024.02.27"]
[Round "11"]
[White "toninhojit"]
[Black "Roman_Ovetchkin"]
[Result "0-1"]
[WhiteElo "2467"]
[BlackElo "2591"]
[TimeControl "180+1"]
[EndTime "10:05:48 PST"]
[Termination "Roman_Ovetchkin won on time"]

1. d4 Nf6 2. c4 c5 3. e3 cxd4 4.
exd4 d5 5. c5 g6 6. Nf3 Bg7 7.
Bd3 O-O 8. h3 Nc6 9. O-O Ne4 10.
Nc3 Bf5 11. Re1 Nxc3 12. bxc3 Bxd3 13. Qxd3 b6 14. Qb5 Qd7 15. Ba3 bxc5 16. Bxc5 Rfb8 17. Qa4 e6 18. Rab1 Rb7 19. Qa3 Rab8 20. Rb3 Rxb3 21. axb3 a5 22. Qa4 Rb7 23. b4 Nxd4 24. Qxd7 Nxf3+ 25. gxf3 Rxd7 26. Rc1 axb4 27. cxb4 Rb7 28. Bd6 h6 29. Rc8+ Kh7 30. Kf1 g5 31. Ke2 Kg6 32. Kd3 Kf5 33. Kc2 Be5 34. Bc5 Kf4 35. Rf8 Kxf3 36. Kb3 Ke2 37. Ka4 d4 38. b5 d3 39. Bb4 Bf4 40. Rd8 d2 0-1

[Event "Early-Titled-Tuesday-Blitz-February-27-2024"]
[Site "Chess.com"]
[Date "2024.02.27"]
[Round "11"]
[White "picturesquecheck"]
[Black "talaicito"]
[Result "1-0"]
[WhiteElo "2444"]
[BlackElo "2272"]
[TimeControl "180+1"]
[EndTime "10:05:48 PST"]
[Termination "picturesquecheck won on time"]

1. e4 c5 2. Nf3 d6 3. d4 cxd4 4.
Nxd4 Nf6 5. Nc3 g6 6. Be3 Bg7 7. f3 O-O 8. Qd2 Nc6 9. Bc4 Bd7 10. Bb3 Rc8 11. O-O-O Nxd4 12. Bxd4 b5 13. h4 a5 14.
h5 a4 15. Bxf6 Bxf6 16. e5 Bxe5 17. hxg6 axb3 18. Qh6 Bf4+ 19. Qxf4 fxg6 20. Qh4 Rf7 21. axb3 Qa5 22. Qd4 Bf5 23. Rd2 b4 24. Na4 Bd7 25.
Rh4 Bxa4 26. bxa4 Qxa4 27. b3 Qa3+ 28. Qb2 Qa5 29. Rdd4 Qg5+ 30. Kb1 Qxg2 31. Rxb4 Qg1+ 32. Qc1 Qc5 33. Rhc4 Qf2 34. Rxc8+ Kg7 35. Rc3 h5 36. Re4 h4 37. Re1 h3 38. Rh1 h2 39. Rd3 1-0

[Event "Early-Titled-Tuesday-Blitz-February-27-2024"]
[Site "Chess.com"]
[Date "2024.02.27"]
[Round "11"]
[White "Zhigalko_Sergei"]
[Black "Nikolakis2014"]
[Result "0-1"]
[WhiteElo "2892"]
[BlackElo "2766"]
[TimeControl "180+1"]
[EndTime "10:05:49 PST"]
[Termination "Nikolakis2014 won on time"]

1. e4 c5 2. Nf3 Nc6 3. c3 Nf6 4. e5 Nd5 5. Bc4 Nb6 6. Bb3 d5 7. exd6 Bf5 8. O-O Qxd6 9. d4 cxd4 10. Nxd4 Nxd4 11. cxd4 e6 12. Nc3 Be7 13. Qf3 Qd7 14.
Rd1 O-O 15. h3 Bd6 16. Be3 Rac8 17. d5 e5 18. a4 Nc4 19. Bxc4 Rxc4 20. Bxa7 Bg6 21.
Nb5 f5 22. Qb3 Rb4 23. Qa2 f4 24. Rac1 Rxb5 25. axb5 f3 26. Bc5 fxg2 27. Qa3 Bxc5 28. Rxc5 Be4 29. Qg3 Rf3 30. Qg4 Qxg4 31. hxg4 Rh3 32.
f3 Bxf3 0-1

[Event "Early-Titled-Tuesday-Blitz-February-27-2024"]
[Site "Chess.com"]
[Date "2024.02.27"]
[Round "11"]
[White "emeli_chess"]
[Black "Ati1517"]
[Result "1-0"]
[WhiteElo "2442"]
[BlackElo "2234"]
[TimeControl "180+1"]
[EndTime "10:05:49 PST"]
[Termination "emeli_chess won by checkmate"]

1. d4 Nf6 2. c4 g6 3. Nc3 Bg7 4. e4 d6 5. f3 O-O 6. Be3 e5 7. d5 c6 8. Bd3 cxd5 9. cxd5 Nbd7 10. Nge2 b6 11. O-O Nc5 12. Bc2 Nh5 13. b4 Nd7 14.
Rc1 f5 15. exf5 gxf5 16. Bxf5 Rxf5 17. g4 Rg5 18. Bxg5 Qxg5 19. Kh1 Nf4 20. Ne4 Qe7 21. N2g3 Ba6 22. Nf5 Qf8 23. Rc7 Bxf1 24. Qxf1 Nf6 25.
Rxg7+ Kh8 26. Nxf6 Qxf6 27. Qc4 e4 28. Rc7 Qa1+ 29.
Qc1 Qxc1+ 30. Rxc1 exf3 31. Rf1 Re8 32. h4 Nxd5 33.
Rxf3 Re1+ 34. Kh2 Re2+ 35. Kg3 Rxa2 36. Rd3 Nxb4 37. Rxd6 Kg8 38. g5 Kf7 39. h5 Ra3+ 40.
Kg4 Ra4 41. g6+ hxg6 42. hxg6+ Kg8 43. Rd8# 1-0

[Event "Early-Titled-Tuesday-Blitz-February-27-2024"]
[Site "Chess.com"]
[Date "2024.02.27"]
[Round "11"]
[White "Sina_Movahed"]
[Black "Grischuk"]
[Result "0-1"]
[WhiteElo "2955"]
[BlackElo "3061"]
[TimeControl "180+1"]
[EndTime "10:05:51 PST"]
[Termination "Grischuk won on time"]

1. e4 e5 2. Nf3 Nc6 3. d4 exd4 4. Nxd4 Qf6 5. Nf3 Bc5 6. Nc3 Nge7 7. Bg5 Qg6 8. Bd3 h6 9. Bh4 Bb4 10. O-O Bxc3 11.
bxc3 O-O 12. h3 Qh5 13. Rb1 Ng6 14. Rb5 Nge5 15. Nxe5 Qxh4 16. Nf3 Qe7 17. e5 d6 18. Re1 a6 19. exd6 Qxd6 20. Rd5 Qf6 21. Nd2 Qxc3 22. Ne4 Qb2 23. Rh5 Be6 24. Qd2 Rfd8 25. Re3 Rd5 26. Rxd5 Bxd5 27. Nc5 Rd8 28. Kh2 a5 29. a3 b6 0-1

[Event "Early-Titled-Tuesday-Blitz-February-27-2024"]
[Site "Chess.com"]
[Date "2024.02.27"]
[Round "11"]
[White "PepeCuenca"]
[Black "rhungaski"]
[Result "1-0"]
[WhiteElo "2717"]
[BlackElo "2593"]
[TimeControl "180+1"]
[EndTime "10:05:52 PST"]
[Termination "PepeCuenca won on time"]

1. d4 Nf6 2. Bf4 d5 3. e3 c5 4. dxc5 Qa5+ 5. Nd2 Nbd7 6. Nf3 g6 7. a3 Qxc5 8. Rc1 Nh5 9. Nb3 Qb6 10. Qxd5 Nxf4 11. exf4 Bg7 12. c3 O-O 13. Qb5 Qc7 14. g3 e5 15. fxe5 Nxe5 16. Nxe5 Bxe5 17. Bg2 Bd7 18. Qc5 Qb8 19. O-O a5 20. Rfe1 Bg7 21. Nxa5 b6 22. Qd5 bxa5 23. Qxd7 Ra7 24. Qd2 Rd8 25. Qc2 Rad7 26.
Re2 a4 27. Bc6 Rd6 28. Bxa4 h5 29. c4 h4 30. c5 Rd4 31. Bc6 Kh7 32. Bg2 Bh6 33. Rf1 Rd2 34. Rxd2 Rxd2 35. Qc4 Qxb2 36. Qxf7+ Bg7 37. Be4 1-0

[Event "Early-Titled-Tuesday-Blitz-February-27-2024"]
[Site "Chess.com"]
[Date "2024.02.27"]
[Round "11"]
[White "LiamPutnam2008"]
[Black "BogdanDeac"]
[Result "0-1"]
[WhiteElo "2792"]
[BlackElo "2977"]
[TimeControl "180+1"]
[EndTime "10:05:54 PST"]
[Termination "BogdanDeac won on time"]

1. e4 c5 2. Nf3 d6 3. d4 cxd4 4. Nxd4 Nf6 5. Nc3 e5 6. Bb5+ Nbd7 7. Nf5 a6 8. Bxd7+ Qxd7 9. O-O Qc6 10. Qf3 h6 11. Rd1 Be6 12. Ne3 Be7 13. h3 b5 14. a4 O-O 15. Ncd5 Bxd5 16. exd5 Qd7 17. axb5 axb5 18. Rxa8 Rxa8 19. Bd2 Bd8 20. Nf5 h5 21. Bb4 Ra6 22. Re1 g6 23. Ng3 Kg7 24. b3 Ra2 25.
Qd3 Ba5 26. Bxa5 Rxa5 27. c4 bxc4 28. bxc4 Qc7 29. Ne4 Nxe4 30. Rxe4 Ra1+ 31. Kh2 Qb6 32. Qe3 Qb1 33. c5 f5 34. Rc4 Qh1+ 35. Kg3 Rg1 36. Qf3 g5 0-1

[Event "Early-Titled-Tuesday-Blitz-February-27-2024"]
[Site "Chess.com"]
[Date "2024.02.27"]
[Round "11"]
[White "Dyadya81"]
[Black "FoggyMorning"]
[Result "0-1"]
[WhiteElo "2845"]
[BlackElo "2689"]
[TimeControl "180+1"]
[EndTime "10:05:55 PST"]
[Termination "FoggyMorning won by checkmate"]

1. e4 e6 2. d4 d5 3. Nc3 Bb4 4. e5 c5 5. a3 Bxc3+ 6. bxc3 Qa5 7. Bd2 Qa4 8. Qg4 Kf8 9. Nf3 Ne7 10. Be2 b6 11.
O-O Ba6 12. Bd3 Bxd3 13. cxd3 Nbc6 14. h4 h6 15. h5 Kg8 16. Qf4 cxd4 17. cxd4 Nf5 18.
Be3 Rc8 19. Rfc1 Kh7 20. g4 Nfe7 21. Kh2 Rhf8 22. g5 Nf5 23. Rg1 Nce7 24. Rg2 Qc2 25. Rag1 Rg8 26. g6+ fxg6 27. hxg6+ Kh8 28. Kh1 Rcf8 29.
Rh2 Qxd3 30. Ng5 Nxg6 31. Qg4 Nxe3 32. fxe3 Rf1 33. Nxe6 Rxg1+ 34. Qxg1 Rc8 35. Rg2 Qe4 36. Kh2 Qh4# 0-1

[Event "Early-Titled-Tuesday-Blitz-February-27-2024"]
[Site "Chess.com"]
[Date "2024.02.27"]
[Round "11"]
[White "Caroexpert"]
[Black "Supergiuly"]
[Result "1-0"]
[WhiteElo "2527"]
[BlackElo "2352"]
[TimeControl "180+1"]
[EndTime "10:05:55 PST"]
[Termination "Caroexpert won on time"]

1. d4 g6 2. c4 Bg7 3. Nc3 d6 4. e4 Nf6 5. Be2 O-O 6. Nf3 Nbd7 7. O-O e5 8. Be3 b6 9. d5 Bb7 10. b4 a5 11. a3 axb4 12. axb4 Rxa1 13. Qxa1 Qa8 14. Nd2 h5 15. Nb5 Qc8 16. h3 Nh7 17. c5 bxc5 18. bxc5 Nxc5 19. Bxc5 dxc5 20. Rc1 Bh6 21. Qa2 Qa8 22. Qb2 Qa5 23. Rc3 c6 24.
Nd6 Ba8 25. Nb3 Qc7 26. Nc4 cxd5 27. exd5 Bxd5 28. Ne3 Ba8 29. Rxc5 Qb7 30. Bf3 e4 31. Be2 Bg7 32. Qc2 Qa7 33. Rc7 Qb6 34. Rc8 Bd4 35. Nxd4 Qxd4 36. Rxf8+ Nxf8 37. Qc8 Qa1+ 38. Kh2 Qe5+ 39.
g3 Bd5 40. Qc5 Qb2 41. Qxd5 Qxe2 42. Kg2 Qf3+ 43. Kg1 Ne6 44. h4 Kh7 45. Qe5 Qe2 46. Nd5 Qd1+ 47. Kh2 Qf3 48. Nf6+ Kh6 49. Nxe4 f6 50.
Qxe6 g5 51. Qxf6+ 1-0

[Event "Early-Titled-Tuesday-Blitz-February-27-2024"]
[Site "Chess.com"]
[Date "2024.02.27"]
[Round "11"]
[White "HATilay"]
[Black "Kirill_Klukin"]
[Result "0-1"]
[WhiteElo "2635"]
[BlackElo "2833"]
[TimeControl "180+1"]
[EndTime "10:05:56 PST"]
[Termination "Kirill_Klukin won by checkmate"]

1. e4 c5 2. Nf3 Nc6 3. Bb5 g6 4. Bxc6 bxc6 5. O-O Bg7 6. d3 d6 7. h3 e5 8. Nc3 Ne7 9. Nh2 O-O 10. f4 f5 11.
fxe5 Bxe5 12. Nf3 Bg7 13. Bg5 h6 14. Be3 g5 15. d4 fxe4 16. Nxe4 Nf5 17. Bf2 c4 18. c3 Be6 19. Qa4 Bd5 20. Rae1 Qd7 21. Nfd2 Rae8 22. b3 cxb3 23. axb3 Re7 24. Qa1 Rfe8 25.
Qb1 Bf7 26. Ng3 Nh4 27. c4 Bg6 28. Qd1 Bd3 29. Rxe7 Rxe7 30. Re1 Rf7 31. Re3 Bxd4 32. Rxd3 Bxf2+ 33. Kh2 Qe6 34. Nde4 Bxg3+ 35. Nxg3 Rf2 36. Rxd6 Rxg2+ 37. Kh1 Qxh3# 0-1

[Event "Early-Titled-Tuesday-Blitz-February-27-2024"]
[Site "Chess.com"]
[Date "2024.02.27"]
[Round "11"]
[White "AnaKuchava"]
[Black "dianamirza"]
[Result "1-0"]
[WhiteElo "2158"]
[BlackElo "1997"]
[TimeControl "180+1"]
[EndTime "10:05:56 PST"]
[Termination "AnaKuchava won on time"]

1. d4 Nf6 2. Nf3 d6 3. c4 g6 4. Nc3 c5 5. d5 Bg7 6. e4 O-O 7.
h3 Nbd7 8. Bd3 Rb8 9. O-O a6 10.
a4 Ne5 11. Nxe5 dxe5 12. f4 exf4 13. Bxf4 Ra8 14. e5 Nh5 15. Qe2 Nxf4 16. Rxf4 Qc7 17. Re1 Rb8 18. Kh1 Bd7 19. e6 fxe6 20. Rxf8+ Rxf8 21.
dxe6 Bc6 22. Ne4 Qe5 23. Qg4 Rf4 24. Qe2 Bxa4 25. Qd2 Qxb2 26. Qxb2 Bxb2 27. Nxc5 Bc6 28. Rb1 Bd4 29. Nxb7 Be5 30. Na5 Ba8 31. Rf1 Rxf1+ 32. Bxf1 Bc3 33. Nb3 1-0

[Event "Early-Titled-Tuesday-Blitz-February-27-2024"]
[Site "Chess.com"]
[Date "2024.02.27"]
[Round "11"]
[White "karinachess1"]
[Black "N4700000"]
[Result "0-1"]
[WhiteElo "2609"]
[BlackElo "2492"]
[TimeControl "180+1"]
[EndTime "10:05:58 PST"]
[Termination "N4700000 won on time"]

1. d4 Nf6 2. c4 Nc6 3. Nc3 e5 4.
dxe5 Nxe5 5. e4 Bb4 6. f4 Ng6 7. e5 Ne4 8. Qf3 d5 9. Ne2 Bf5 10. Be3 Nh4 11. Qh5 g6 12. Qh6 Bf8 13. Qxh4 Qxh4+ 14. g3 Qd8 15. cxd5 Bb4 16. O-O-O Nxc3 17. Nxc3 Bxc3 18. bxc3 O-O 19. Bc4 Qe7 20. Kb2 Rfd8 21. Rhe1 b5 22. Bb3 a5 23. a3 b4 24. cxb4 axb4 25. a4 Qd7 26. Bc5 Rxa4 27. e6 Qb5 28. exf7+ Kxf7 29. d6+ Kg7 30. Re7+ Kh6 31. Bd4 cxd6 32.
h3 Ra3 33. Bg7+ Kh5 34. g4+ Kh4 35. Bf6+ Kg3 36. Re3+ Kxf4 0-1

[Event "Early-Titled-Tuesday-Blitz-February-27-2024"]
[Site "Chess.com"]
[Date "2024.02.27"]
[Round "11"]
[White "Barbix1"]
[Black "gm_rashid"]
[Result "0-1"]
[WhiteElo "2284"]
[BlackElo "2416"]
[TimeControl "180+1"]
[EndTime "10:05:59 PST"]
[Termination "gm_rashid won on time"]

1. e4 d5 2. exd5 Nf6 3. d4 Bg4 4. Be2 Bxe2 5. Nxe2 Qxd5 6. O-O Nc6 7. c3 O-O-O 8. b4 e5 9. Bb2 exd4 10. cxd4 Bxb4 11. Nbc3 Qh5 12. Qd3 Bd6 13. Ng3 Qg6 14. Qb5 a6 15. Qc4 h5 16. Rfc1 h4 17. Nf1 h3 18. g3 Qf5 19. Ne3 Qf3 20. d5 Ne5 21. Qd4 Neg4 22.
Ncd1 Rhe8 23. Rc2 Nxe3 24. Nxe3 Kb8 25. Rac1 Re4 26. Qd3 Rde8 27. Bd4 Nxd5 28. Rb1 Nb4 29. Qb3 Rxe3 30. fxe3 Nxc2 31. Qxc2 c5 32. Ba1 Qxe3+ 33. Qf2 Qd3 34. Rf1 Re2 35. Qxf7 Rg2+ 36. Kh1 Qe2 0-1

[Event "Early-Titled-Tuesday-Blitz-February-27-2024"]
[Site "Chess.com"]
[Date "2024.02.27"]
[Round "11"]
[White "kuba2006"]
[Black "GodzillaChessYoutube"]
[Result "0-1"]
[WhiteElo "2489"]
[BlackElo "2662"]
[TimeControl "180+1"]
[EndTime "10:06:01 PST"]
[Termination "GodzillaChessYoutube won by resignation"]

1. e4 Nh6 2. d4 d5 3. exd5 Qxd5 4. Nc3 Qd8 5. Bxh6 gxh6 6. Bc4 Bf5 7. Qf3 e6 8. Qxb7 Nd7 9. Bb5 Rc8 10. O-O-O Bd6 11.
Qc6 Rb8 12. d5 Qg5+ 13. Kb1 e5 14. Nf3 Qf6 15. h3 O-O 16. g4 Nc5 17. gxf5 Rb6 18. Rhg1+ Kh8 19. Nd2 Rxc6 20. Bxc6 Qxf5 21. f3 Qxh3 22. b3 f5 23. b4 Rb8 24. Nb5 a6 25.
bxc5 Bxc5 26. Rge1 Bd6 27. Nc4 axb5 28. Nxe5 Bxe5 29. Rxe5 Qxf3 30. Rde1 h5 31. Re7 Qg3 32. Rf7 Qxe1+ 33. Kb2 Qb4+ 34. Kc1 Qf4+ 35. Kb1 h4 36. Bd7 h3 37. Bxf5 Qh6 38. Rxh7+ 0-1

[Event "Early-Titled-Tuesday-Blitz-February-27-2024"]
[Site "Chess.com"]
[Date "2024.02.27"]
[Round "11"]
[White "UnTucopalaTimba"]
[Black "abelmat"]
[Result "1-0"]
[WhiteElo "1996"]
[BlackElo "2069"]
[TimeControl "180+1"]
[EndTime "10:06:03 PST"]
[Termination "UnTucopalaTimba won on time"]

1. e4 e6 2. d4 d5 3. exd5 exd5 4. Bd3 Nf6 5. Ne2 Bd6 6. Bf4 O-O 7. O-O Bg4 8. f3 Bh5 9. c3 Bg6 10. Qc2 Re8 11. Bxd6 Qxd6 12. Re1 Nbd7 13. Nd2 Re3 14. Bxg6 hxg6 15. Nf1 Re6 16. Qd2 Rae8 17. Kf2 Nh5 18. g3 Nhf6 19. Nf4 Rxe1 20. Rxe1 Rxe1 21. Qxe1 Qb6 22. Qe2 c5 23. dxc5 Nxc5 24. Kg2 g5 25. Nh3 Ne6 26. Ne3 d4 27. cxd4 Nxd4 28. Qd2 g6 29.
Nf2 Nc6 30. Nfg4 Nxg4 31. Nxg4 Qc5 32. Qe2 Kg7 33. b3 f5 34. Qb2+ Kg8 35. Nf6+ Kf7 36.
Nh7 Nd4 37. Nxg5+ Kg8 38. h4 Qc2+ 39. Qxc2 Nxc2 40. Ne6 Nb4 41. Nc5 b6 42. Nd7 1-0

[Event "Early-Titled-Tuesday-Blitz-February-27-2024"]
[Site "Chess.com"]
[Date "2024.02.27"]
[Round "11"]
[White "JaackCamel"]
[Black "ikhasu"]
[Result "1-0"]
[WhiteElo "2222"]
[BlackElo "2420"]
[TimeControl "180+1"]
[EndTime "10:06:06 PST"]
[Termination "JaackCamel won by resignation"]

1. d4 Nf6 2. c4 b6 3. Nc3 Bb7 4. Nf3 e6 5. a3 d5 6. Bg5 Be7 7. e3 O-O 8. Bd3 c5 9. O-O cxd4 10. exd4 dxc4 11. Bxc4 Nd5 12. Bxe7 Nxe7 13. Qe2 Nd7 14. Rad1 Nf6 15. Rfe1 Ned5 16. Ne5 Rc8 17. Bd3 Nxc3 18. bxc3 Rxc3 19. Qe3 Qd5 20. f3 Rfc8 21. Qf4 Qd6 22. a4 Rd8 23. Qh4 h6 24. h3 Kf8 25. Bb1 Qb4 26. Kh1 Qxa4 27. Be4 Bxe4 28. fxe4 Re3 29. Rf1 Rxe4 30. Qg3 Rexd4 31. Rde1 Rd1 32. Rxd1 Rxd1 33. Rxd1 Qxd1+ 34. Kh2 Kg8 35. Nf3 Qd8 36. Qe5 a6 37. Kh1 b5 38. Qc5 Nd5 39. Ne5 Qd7 40. Nxd7 b4 41.
Qf8+ Kh7 42. Qxf7 b3 43. Nf8+ Kh8 44. Nxe6 1-0

[Event "Early-Titled-Tuesday-Blitz-February-27-2024"]
[Site "Chess.com"]
[Date "2024.02.27"]
[Round "11"]
[White "eightbyeightchess"]
[Black "mightysmasher"]
[Result "0-1"]
[WhiteElo "2421"]
[BlackElo "2549"]
[TimeControl "180+1"]
[EndTime "10:06:07 PST"]
[Termination "mightysmasher won on time"]

1. e4 e6 2. d4 d5 3. e5 c5 4.
c3 Nc6 5. Nf3 Qb6 6. Bd3 Bd7 7.
O-O cxd4 8. Re1 Nge7 9. h4 Ng6 10.
h5 Nge7 11. a3 Rc8 12. b4 dxc3 13. Nxc3 g6 14. Nb5 Nf5 15. Bxf5 gxf5 16. Nd6+ Bxd6 17.
exd6 O-O 18. Qd2 f6 19. Bb2 Rce8 20. Qh6 e5 21. Rac1 a5 22. Rxc6 Qxc6 23. Nxe5 Qxd6 24.
Nf3 Rxe1+ 25. Nxe1 axb4 26. axb4 Qxb4 27. Qc1 Bc6 28. Nd3 Qg4 29. Nf4 Qg7 30. g3 Re8 31.
Qc5 Qe7 32. Qd4 Qe1+ 33. Kh2 Qe5 34. Qd2 Qe4 35. h6 d4 36. f3 Qxf3 37. Kh3 Qh1+ 38. Qh2 Qxh2+ 39. Kxh2 d3 40. Bxf6 d2 0-1

[Event "Early-Titled-Tuesday-Blitz-February-27-2024"]
[Site "Chess.com"]
[Date "2024.02.27"]
[Round "11"]
[White "DonCiao"]
[Black "publicaccountcze"]
[Result "0-1"]
[WhiteElo "2097"]
[BlackElo "2226"]
[TimeControl "180+1"]
[EndTime "10:06:07 PST"]
[Termination "publicaccountcze won by resignation"]

1. c4 c5 2. g3 g6 3. Bg2 Bg7 4. Nc3 Nc6 5. Nf3 Nf6 6. d4 cxd4 7. Nxd4 O-O 8. O-O a6 9. c5 Nxd4 10. Qxd4 d6 11. cxd6 Ne8 12. Qh4 Nxd6 13. Bh6 Nf5 14. Qe4 Bxh6 15. Rfd1 Qa5 16. Nd5 Be6 17. g4 Bxd5 18.
Rxd5 Qb6 19. gxf5 Qxb2 20. Rb1 Qxa2 21. Rxb7 Rab8 22. Rdd7 Qa1+ 23. Bf1 Bg5 24. fxg6 hxg6 25. Qg4 Bf6 26. h4 Qe5 27. Rxb8 Rxb8 28. Qc4 Qh5 29. Rd5 Qxh4 30. Qxh4 Bxh4 31. Ra5 Rb6 32. e3 Rf6 33. Rxa6 Bxf2+ 34. Kg2 Rxa6 35. Bxa6 Bxe3 36. Kf3 Bc5 37. Ke4 Kg7 38. Kd5 Ba3 39. Be2 Kf6 40. Ke4 g5 41. Kf3 Bb2 42. Kg4 Kg6 43. Bd3+ Kh6 44.
Bf5 e6 45. Bd3 f5+ 46. Kg3 Kg6 47. Kf3 Kf6 48. Kg3 Be5+ 49. Kf3 Bd6 50. Ke3 g4 51.
Kf2 Kg5 52. Kg2 e5 53. Be2 f4 54. Bd3 Bc5 55. Be4 Be3 56. Kf1 f3 57. Ke1 Kf4 58. Bd5 g3 59. Be6 g2 0-1